 Dungeon Crawl Stone Soup version 0.29.0-15-g675c0067aa (webtiles) character file.

Game seed: 2651769902512771812

5 Jakudza the Gusty (level 1, 0/10 HPs)
             Began as a Tengu Air Elementalist on Sept 12, 2022.
             Slain by a hobgoblin (1 damage)
             ... on level 1 of the Dungeon.
             The game lasted 00:01:16 (117 turns).

Jakudza the Gusty (Tengu Air Elementalist)           Turns: 117, Time: 00:01:16

Health: 0/10       AC:  2    Str:  8    XL:     1   Next: 80%
Magic:  1/4        EV: 12    Int: 15    God:
Gold:   12         SH:  0    Dex: 14    Spells: 3/4 levels left

rFire   + . .      SeeInvis .   c - staff of fire
rCold   . . .      Faith    .   (no shield)
rNeg    . . .      Spirit   .   a - +0 robe
rPois   .          Reflect  .   (helmet restricted)
rElec   .          Harm     .   (no cloak)
rCorr   .          Rampage  .   (no gloves)
Will    .....                   (boots unavailable)
Stlth   ++........              (no amulet)
HPRegen 0.03/turn               (no ring)
MPRegen 0.09/turn               (no ring)

@: no status effects
A: beak, talons 3
a: no special abilities


You were on level 1 of the Dungeon.
You visited 1 branch of the dungeon, and saw 1 of its levels.

You collected 12 gold pieces.

Inventory:

Armour
 a - a +0 robe (worn)
Magical Staves
 c - a staff of fire (weapon)
Potions
 b - a potion of magic


   Skills:
 + Level 2.3 Dodging
 + Level 2.1 Stealth
 + Level 2.0 Spellcasting
 + Level 1.6 Conjurations
 + Level 4.1 Air Magic


You had 3 spell levels left.
You knew the following spells:

 Your Spells              Type           Power      Damage    Failure   Level
a - Shock                 Conj/Air       40%        1d5       7%          1

Your spell library contained the following spells:

 Spells                   Type           Power      Damage    Failure   Level
 Static Discharge         Conj/Air       10%        3-5/arc   11%         2
 Swiftness                Air            13%        N/A       12%         3
 Airstrike                Air            6%         2d(1-17)  38%         4


Dungeon Overview and Level Annotations

Branches:
Dungeon (1/15)

Altars:


Innate Abilities, Weirdness & Mutations

You have a beak for a mouth.
You have claws for feet.


Message History

The bat misses you. The bat completely misses you.
The zap hits the ball python.
The ball python is heavily wounded.
The bat hits you. The bat hits you but does no damage.
The ball python misses you. The ball python closely misses you.
The bat hits you.
The ball python bites you but does no damage.
The ball python barely misses you.
Casting: Shock (safe; 7% risk of failure)
Confirm with . or Enter, or press ? or * to list all spells.
Aiming: Shock (safe; 7% risk of failure)
Press: ? - help, Shift-Dir - straight line, f/p - ball python
Aim: a ball python (heavily wounded, 64% to hit)
The zap hits the ball python.
You kill the ball python!
The zap misses the hobgoblin.
The bat hits you.
You are too injured to fight recklessly!
You are too injured to fight recklessly!
You are too injured to fight recklessly!
You are too injured to fight recklessly!
You are too injured to fight recklessly!
You hit the hobgoblin.
The hobgoblin is severely wounded.
The bat barely misses you. The hobgoblin completely misses you.
The bat barely misses you. The hobgoblin closely misses you.
The hobgoblin barely misses you.
You hit the hobgoblin but do no damage.
The hobgoblin is severely wounded.
The bat barely misses you. The hobgoblin barely misses you.
The bat hits you but does no damage. The hobgoblin hits you.
You hit the hobgoblin.
The hobgoblin is almost dead.
The bat barely misses you. The bat hits you but does no damage.
The hobgoblin hits you.
* * * LOW HITPOINT WARNING * * *
The hobgoblin hits you.
* * * LOW HITPOINT WARNING * * *
The hobgoblin hits you.
You die...

....... .#
.......#.###
.......#...######
........>#......#
................#
................#
.......~....~...#
.......@(......#
......gg.~~....#
#####...b~~....#
..............#
......~....~...#
................#
####............#
#.....###....#
##########
#####.# #####


You could see 2 hobgoblins and a bat.

Vanquished Creatures
  A ball python (D:1)
  2 endoplasms (D:1)
  A goblin (D:1)
4 creatures vanquished.

Notes
Turn   | Place    | Note
-------+----------+-------------------------------------------
     0 | D:1      | Jakudza the Tengu Air Elementalist began the quest for the
                  | Orb.
     0 | D:1      | Reached XP level 1. HP: 10/10 MP: 4/4
   117 | D:1      | Slain by a hobgoblin

Illustrated notes

Levels and vault maps discovered:
D:1:      dpeg_arrival_oval, layout_basic,
          chequers_ecumenical_altar_simple_redux, minmay_door_square,
          skrybe_limestone_x

Action                   || total
-------------------------++-------
Melee: Staff             ||     5
       Kick              ||     1
 Cast: Shock             ||     5
  Use: Scroll            ||     1
Armor: Robe              ||     4
Dodge: Dodged            ||    14
